 Dungeon Crawl Stone Soup version 0.29.0-4-gdea44cf6ec (webtiles) character file.

Game seed: 6415364154836486765

6841 qw the Cleaver (level 11, -7/68 HPs)
             Began as a Gargoyle Fighter on Sept 9, 2022.
             Was an Elder of Okawaru.
             Mangled by an orc warrior
             ... wielding a +0 morningstar
              (12 damage)
             ... on level 9 of the Dungeon.
             The game lasted 00:03:13 (8106 turns).

qw the Cleaver (Gargoyle Fighter)                   Turns: 8106, Time: 00:03:13

Health: -7/68      AC: 24    Str: 25    XL:     11   Next: 5%
Magic:  14/14      EV: 13    Int:  8    God:    Okawaru [****..]
Gold:   284        SH:  6    Dex:  9    Spells: 10/10 levels left

rFire   . . .      SeeInvis +   p - +0 war axe (spect)
rCold   . . .      Faith    .   c - +0 buckler
rNeg    + . .      Spirit   .   z - +0 plate armour
rPois   inf        Reflect  .   (no helmet)
rElec   +          Harm     .   (no cloak)
rCorr   .          Rampage  .   o - +0 pair of gloves
Will    .....                   (no boots)
Stlth   ..........              (no amulet)
HPRegen 0.21/turn               i - ring of see invisible
MPRegen 0.14/turn               t - +4 ring of evasion

@: heroic
A: sickness immunity, AC +8, negative energy resistance 1, electricity
resistance, torment resistance 1, petrification resistance, fangs 1, subdued
magic 1
a: Renounce Religion, Heroism, Finesse


You were on level 9 of the Dungeon.
You worshipped Okawaru.
Okawaru was greatly pleased with you.
You visited 1 branch of the dungeon, and saw 9 of its levels.

You collected 389 gold pieces.
You spent 105 gold pieces at shops.


Innate Abilities, Weirdness & Mutations

You are immune to sickness and miasma.
Your stone body is resilient. (AC +8)
You are immune to poison.
You resist negative energy. (rN+)
You are resistant to electric shocks. (rElec)
You are resistant to unholy torment.
You are immune to petrification.
You have very sharp teeth.
Your spells are a little easier to cast, but a little less powerful.


   Skills:
 - Level 8.3(13.3) Fighting
 - Level 11.0(16.0) Axes
 - Level 3.8(8.8) Throwing
 + Level 6.2(11.2) Armour
 - Level 2.0(7.0) Dodging
 - Level 5.1(10.1) Shields
 + Level 5.3 Invocations


You had 10 spell levels left.
You didn't know any spells.
Your spell library was empty.

Inventory:

Hand Weapons
 n - a +5 flail
 p - a +0 spectral war axe (weapon)
Missiles
 e - 4 javelins (quivered)
 r - 2 boomerangs
Armour
 b - a +0 pair of boots
 c - a +0 buckler (worn)
 o - a +0 pair of gloves (worn)
 z - a +0 plate armour (worn)
Jewellery
 i - a ring of see invisible (left hand)
 m - a +6 ring of strength
 t - a +4 ring of evasion (right hand)
Scrolls
 a - 3 scrolls of identify
 s - a scroll of brand weapon
Potions
 d - a potion of might
 f - a potion of magic
 g - a potion of resistance
 h - a potion of curing
 j - 3 potions of attraction
 k - a potion of lignification
 u - a potion of haste
 w - a potion of mutation

Dungeon Overview and Level Annotations

Branches:
Dungeon (9/15)             Temple (0/1) D:5             Orc (0/2) D:9
   Lair: D:8-11

Altars:
Elyvilon
Gozag
Kikubaaqudgha
Makhleb
Nemelex Xobeh
Okawaru
Ru
Wu Jian
The Shining One

Shops:
D:2 !   D:4 [   D:9 [

Annotations:
D:3 3 runed translucent doors, qw's ghost, amateur GrBe


Message History

The kobold throws a stone.
The stone closely misses you.
The orc warrior hits you with a +0 dire flail.
The orc warrior closely misses you.
The gnoll bouda calls upon its god to heal the gnoll.
The gnoll is healed somewhat.
The gnoll misses you. You block the gnoll's attack.
You hit the orc priest.
You kill the orc priest!
Okawaru accepts your kill.
You hit the kobold brigand. You hit the boulder beetle.
You closely miss the orc warrior.
You hit the orc warrior but do no damage.
Your +0 spectral war axe hits the kobold brigand.
Your +0 spectral war axe barely misses the orc priest.
The kobold brigand closely misses you. You block the orc warrior's attack.
The orc priest hits your +0 spectral war axe with a +0 club.
Your spectral weapon shares its damage with you!
The gnoll barely misses you.
You slash the orc wizard!
You kill the orc wizard!
Okawaru accepts your kill.
You slash the orc warrior!
You hit the kobold brigand but do no damage.
You hit the boulder beetle. You completely miss the orc warrior.
Your +0 spectral war axe completely misses the orc warrior.
Your +0 spectral war axe hits the kobold brigand.
Your +0 spectral war axe hits the boulder beetle but does no damage.
Your +0 spectral war axe hits the orc warrior.
Your +0 spectral war axe hits the gnoll!
Your +0 spectral war axe hits the gnoll.
Your +0 spectral war axe hits the orc!
You kill the orc!
Okawaru accepts your kill.
Your attacks no longer feel as feeble.
The gnoll hits you from afar with a +0 spear.
The gnoll barely misses you. The boulder beetle closely misses you.
The orc warrior closely misses your +0 spectral war axe.
The kobold brigand barely misses you.
The orc warrior hits you with a +0 morningstar!
You die...

..........# ...
#..........##........#
.....................#
.......?..........)?.#
.....................#
.....ยค....g..........#
......).oBg%.........#
....>..)@(g.)...##...#
.......oKog)....##...#
........Ko..)...)....#
...###.....).).......#
.. .........##.....#
..........##.....####
......................
...................)...
.....................###


You could see a boulder beetle, 2 orc warriors, a kobold brigand, a gnoll bouda,
an orc priest, 3 gnolls, an orc, a kobold and a friendly +0 spectral war axe
(summoned).

Vanquished Creatures
  A two-headed ogre (D:7)
  Pikel (D:8)
  Joseph (D:8)
  A komodo dragon (D:6)
  A shadow (D:9)
  2 wyverns
  A steam dragon (D:8)
  3 water moccasins
  4 sky beasts
  2 black bears
  3 orc warriors
  4 ogres
  2 ice beasts
  3 centaurs
  2 kobold brigands (D:6)
  A lemure (D:8)
  4 phantoms
  A gnoll sergeant (D:9)
  2 necrophages
  4 bullfrogs
  6 scorpions
  7 wights
  6 howler monkeys
  6 orc priests
  A hound (D:6)
  2 jellies
  4 iguanas
  9 orc wizards
  8 gnolls
  8 adders
  3 white imps
  An ufetubus (D:5)
  3 worms
  30 orcs
  10 ball pythons
  4 endoplasms
  4 giant cockroaches
  12 goblins
  9 hobgoblins
  9 kobolds
  6 quokkas
  3 bats
  5 frilled lizards
  8 rats
207 creatures vanquished.

Vanquished Creatures (others)
  A sky beast (D:6)
  A plant (D:5)
2 creatures vanquished.

Grand Total: 209 creatures vanquished

Notes
Turn   | Place    | Note
-------+----------+-------------------------------------------
     0 | D:1      | qw the Gargoyle Fighter began the quest for the Orb.
     0 | D:1      | Reached XP level 1. HP: 14/14 MP: 1/1
     0 | D:1      | 0 ||| qw: Version: 0.1-a-113-g051387a
     0 | D:1      | 0 ||| qw: Game counter: 7084
     0 | D:1      | 0 ||| qw: Always use a shield: true
     0 | D:1      | 0 ||| qw: God list: Okawaru
     0 | D:1      | 0 ||| qw: Allow faded altars: false
     0 | D:1      | 0 ||| qw: Do Orc after D:15 true
     0 | D:1      | 0 ||| qw: Do second Lair branch before Depths: true
     0 | D:1      | 0 ||| qw: Lair rune preference: random
     0 | D:1      | 0 ||| qw: Plans: Normal, Zot, God:TSO, Crypt, Tomb, Zig,
                  | Orb
     0 | D:1      | 0 ||| PLANNING D:1-11
   108 | D:1      | Reached skill level 2 in Axes
   108 | D:1      | Reached XP level 2. HP: 5/19 MP: 2/2
   349 | D:1      | 349 ||| Stepping ~*~*~tactically~*~*~ (stealth).
   378 | D:1      | You fall into a shaft and drop 1 floor!
   378 | D:2      | Found a sacrificial altar of Ru.
   427 | D:2      | 427 ||| UPGRADING to +0 chain mail.
   437 | D:2      | 437 ||| DROPPING +0 scale mail.
   459 | D:1      | Reached skill level 3 in Axes
   897 | D:1      | 897 ||| Stepping ~*~*~tactically~*~*~ (stealth).
   908 | D:1      | Reached XP level 3. HP: 22/23 MP: 3/3
  1159 | D:1      | 1159 ||| READING 3 scrolls labelled COGHOM ZIAS.
  1160 | D:1      | 1160 ||| READING scroll labelled ROULUO IDEADU.
  1161 | D:1      | 1161 ||| READING 2 scrolls of identify.
  1161 | D:1      | 1161 ||| IDENTIFYING murky purple potion
  1247 | D:2      | 1247 ||| DROPPING +0 club.
  1271 | D:2      | 1271 ||| Stepping ~*~*~tactically~*~*~ (stealth).
  1273 | D:2      | 1273 ||| Stepping ~*~*~tactically~*~*~ (stealth).
  1572 | D:2      | Found a faded altar of an unknown god.
  1622 | D:2      | 1622 ||| Stepping ~*~*~tactically~*~*~ (stealth).
  1623 | D:2      | 1623 ||| Stepping ~*~*~tactically~*~*~ (stealth).
  1625 | D:2      | 1625 ||| Stepping ~*~*~tactically~*~*~ (stealth).
  1627 | D:2      | 1627 ||| Stepping ~*~*~tactically~*~*~ (stealth).
  1639 | D:2      | 1639 ||| Stepping ~*~*~tactically~*~*~ (stealth).
  1713 | D:2      | Found Fabbug's Distillery.
  1722 | D:2      | 1722 ||| BUYING potion of attraction (42 gold).
  1722 | D:2      | Bought a potion of attraction for 42 gold pieces
  1722 | D:2      | 1722 ||| SHOPLISTING potion of attraction (42 gold, have
                  | 12).
  1722 | D:2      | 1722 ||| SHOPLISTING potion of cancellation (112 gold, have
                  | 12).
  1722 | D:2      | 1722 ||| SHOPLISTING potion of heal wounds (70 gold, have
                  | 12).
  1722 | D:2      | 1722 ||| SHOPLISTING potion of lignification (42 gold, have
                  | 12).
  2005 | D:2      | 2005 ||| UPGRADING to +0 pair of gloves.
  2010 | D:2      | 2010 ||| READING scroll labelled VULOG ABRU.
  2011 | D:2      | 2011 ||| READING scroll labelled VEOREX XOYNIG.
  2160 | D:3      | Found a runed translucent gate.
  2161 | D:3      | Found a runed translucent gate.
  2164 | D:3      | Reached XP level 4. HP: 28/28 MP: 4/4
  2164 | D:3      | Found a runed translucent gate.
  2166 | D:3      | Noticed qw's ghost (amateur GrBe)
  2166 | D:3      | Noticed a kobold brigand
  2399 | D:3      | Reached skill level 4 in Axes
  2767 | D:3      | 2767 ||| Stepping ~*~*~tactically~*~*~ (stealth).
  2771 | D:3      | Reached XP level 5. HP: 32/32 MP: 5/5
  2937 | D:3      | 2937 ||| READING scroll labelled HONICR GEURENI.
  2938 | D:3      | 2938 ||| READING scroll labelled RENUAR LIES.
  3116 | D:4      | 3116 ||| Stepping ~*~*~tactically~*~*~ (stealth).
  3126 | D:4      | 3126 ||| Stepping ~*~*~tactically~*~*~ (stealth).
  3240 | D:4      | Identified the +7 mace of Unorph {freeze, Int+3 Dex+5
                  | Stlth-}
  3242 | D:4      | 3242 ||| DROPPING +0 whip.
  3318 | D:4      | Noticed a black bear
  3327 | D:4      | Killed a black bear
  3328 | D:4      | Reached skill level 5 in Axes
  3328 | D:4      | Reached XP level 6. HP: 28/37 MP: 6/6
  3631 | D:4      | Found Wyara's Antique Armour Boutique.
  3640 | D:4      | 3640 ||| SHOPLISTING glowing ring mail (154 gold, have 74).
  3640 | D:4      | 3640 ||| SHOPLISTING runed orb (264 gold, have 74).
  3640 | D:4      | 3640 ||| SHOPLISTING warped scale mail (198 gold, have 74).
  3807 | D:4      | 3807 ||| UPGRADING to ring of see invisible.
  3808 | D:4      | 3808 ||| UPGRADING to +6 ring of strength.
  3809 | D:4      | 3809 ||| READING scroll labelled WEMYHO TICARUB.
  3810 | D:4      | 3810 ||| DRINKING 2 fizzy white potions.
  3822 | D:5      | Entered Level 5 of the Dungeon
  3823 | D:5      | 3823 ||| PLANNING SEWER
  3825 | D:5      | 3825 ||| STAIRDANCE
  3839 | D:5      | Reached skill level 6 in Axes
  3853 | D:5      | 3853 ||| Stepping ~*~*~tactically~*~*~ (stealth).
  3885 | D:5      | Noticed an ice beast
  3891 | D:5      | Killed an ice beast
  3892 | D:5      | Reached XP level 7. HP: 43/43 MP: 7/7
  4119 | D:5      | Reached skill level 7 in Axes
  4144 | D:5      | Found a sparkling altar of Nemelex Xobeh.
  4243 | D:5      | 4243 ||| Stepping ~*~*~tactically~*~*~ (stealth).
  4246 | D:5      | 4246 ||| Stepping ~*~*~tactically~*~*~ (hiding).
  4252 | D:5      | Reached XP level 8. HP: 14/49 MP: 8/8
  4472 | D:5      | Found a sacrificial altar of Ru.
  4478 | D:5      | Found a burning altar of Makhleb.
  4481 | D:5      | Found an iron altar of Okawaru.
  4481 | D:5      | Found an opulent altar of Gozag.
  4486 | D:5      | Became a worshipper of Warmaster Okawaru
  4488 | D:5      | Found an ancient bone altar of Kikubaaqudgha.
  4550 | D:5      | Reached skill level 1 in Throwing
  4561 | D:5      | Found a staircase to the Ecumenical Temple.
  4564 | D:5      | 4564 ||| RIP SEWER
  4565 | D:5      | 4565 ||| PLANNING D:1-11
  4655 | D:5      | Found an ornate altar of the Wu Jian Council.
  4874 | D:5      | 4874 ||| Stepping ~*~*~tactically~*~*~ (stealth).
  4904 | D:5      | 4904 ||| Stepping ~*~*~tactically~*~*~ (water).
  4961 | D:5      | 4961 ||| UPGRADING to +0 plate armour.
  4971 | D:5      | 4971 ||| DROPPING +0 chain mail.
  4972 | D:5      | 4972 ||| DROPPING orb of guile.
  4973 | D:5      | 4973 ||| READING scroll labelled QIFOEM ROXA.
  4974 | D:5      | 4974 ||| READING scroll labelled PYWIW DESTRYO.
  4975 | D:5      | 4975 ||| DRINKING 2 coppery potions.
  4976 | D:5      | 4976 ||| DRINKING 2 lumpy purple potions.
  4977 | D:5      | 4977 ||| DRINKING 2 brown potions.
  4978 | D:5      | 4978 ||| DRINKING 2 smoky dark potions.
  4978 | D:5      | Gained mutation: Your spells are a little easier to cast,
                  | but a little less powerful. [potion of mutation]
  4978 | D:5      | Gained mutation: You have very sharp teeth. [potion of
                  | mutation]
  4979 | D:5      | 4979 ||| READING 2 scrolls of identify.
  4979 | D:5      | 4979 ||| IDENTIFYING lumpy puce potion
  4980 | D:5      | 4980 ||| DROPPING potion of degeneration.
  4981 | D:5      | 4981 ||| DROPPING potion of brilliance.
  4995 | D:6      | 4995 ||| STAIRDANCE
  5031 | D:6      | 5031 ||| STAIRDANCE
  5047 | D:5      | HP: 8/49 [water moccasin (6)]
  5048 | D:5      | 5048 ||| READING 2 scrolls of teleportation.
  5049 | D:5      | 5049 ||| DRINKING potion of heal wounds.
  5166 | D:5      | Reached skill level 8 in Axes
  5185 | D:6      | Reached * piety under Okawaru
  5186 | D:6      | 5186 ||| INVOKING Heroism.
  5188 | D:6      | Reached skill level 6 in Fighting
  5188 | D:6      | Reached skill level 1 in Invocations
  5188 | D:6      | 5188 ||| STAIRDANCE
  5391 | D:6      | 5391 ||| STAIRDANCE
  5460 | D:6      | 5460 ||| STAIRDANCE
  5462 | D:5      | 5462 ||| INVOKING Heroism.
  5466 | D:5      | Reached XP level 9. HP: 41/55 MP: 7/10
  5547 | D:6      | 5547 ||| STAIRDANCE
  5605 | D:6      | 5605 ||| STAIRDANCE
  5613 | D:5      | Reached skill level 3 in Invocations
  5727 | D:6      | 5727 ||| DROPPING +7 mace of Unorph {freeze, Int+3 Dex+5
                  | Stlth-}.
  5829 | D:6      | Found a white marble altar of Elyvilon.
  5925 | D:6      | 5925 ||| INVOKING Heroism.
  6022 | D:6      | 6022 ||| INVOKING Heroism.
  6058 | D:6      | Noticed a komodo dragon
  6059 | D:6      | 6059 ||| INVOKING Heroism.
  6065 | D:6      | Killed a komodo dragon
  6066 | D:6      | Reached skill level 9 in Axes
  6072 | D:6      | 6072 ||| FLEEEEING.
  6074 | D:6      | 6074 ||| FLEEEEING.
  6075 | D:6      | 6075 ||| FLEEEEING.
  6076 | D:6      | 6076 ||| FLEEEEING.
  6077 | D:6      | 6077 ||| FLEEEEING.
  6078 | D:6      | 6078 ||| FLEEEEING.
  6079 | D:6      | 6079 ||| FLEEEEING.
  6080 | D:6      | 6080 ||| FLEEEEING.
  6081 | D:6      | 6081 ||| FLEEEEING.
  6082 | D:6      | 6082 ||| FLEEEEING.
  6083 | D:6      | 6083 ||| FLEEEEING.
  6084 | D:6      | 6084 ||| FLEEEEING.
  6085 | D:6      | 6085 ||| FLEEEEING.
  6094 | D:6      | 6094 ||| FLEEEEING.
  6095 | D:6      | 6095 ||| FLEEEEING.
  6097 | D:6      | 6097 ||| STAIRDANCE
  6283 | D:5      | 6283 ||| DROPPING ring of willpower.
  6284 | D:5      | 6284 ||| UPGRADING to +4 ring of evasion.
  6286 | D:5      | 6286 ||| DROPPING ring of resist corrosion.
  6287 | D:5      | 6287 ||| READING 4 scrolls of identify.
  6287 | D:5      | 6287 ||| IDENTIFYING viscous silvery potion
  6288 | D:5      | 6288 ||| READING 3 scrolls of identify.
  6288 | D:5      | 6288 ||| IDENTIFYING metallic orange potion
  6289 | D:5      | 6289 ||| READING 2 scrolls of identify.
  6289 | D:5      | 6289 ||| IDENTIFYING smoky yellow potion
  6290 | D:5      | 6290 ||| DROPPING potion of flight.
  6291 | D:5      | 6291 ||| DROPPING potion of berserk rage.
  6336 | D:6      | 6336 ||| FLEEEEING.
  6337 | D:6      | 6337 ||| FLEEEEING.
  6338 | D:6      | 6338 ||| FLEEEEING.
  6339 | D:6      | 6339 ||| FLEEEEING.
  6340 | D:6      | 6340 ||| FLEEEEING.
  6341 | D:6      | 6341 ||| FLEEEEING.
  6342 | D:6      | 6342 ||| FLEEEEING.
  6347 | D:6      | 6347 ||| Stepping ~*~*~tactically~*~*~ (hiding).
  6468 | D:6      | Reached ** piety under Okawaru
  6527 | D:7      | 6527 ||| INVOKING Heroism.
  6529 | D:7      | 6529 ||| STAIRDANCE
  6544 | D:7      | 6544 ||| STAIRDANCE
  6574 | D:7      | 6574 ||| Stepping ~*~*~tactically~*~*~ (stealth).
  6578 | D:7      | 6578 ||| INVOKING Heroism.
  6590 | D:7      | 6590 ||| Stepping ~*~*~tactically~*~*~ (stealth).
  6592 | D:7      | 6592 ||| Stepping ~*~*~tactically~*~*~ (stealth).
  6598 | D:7      | Reached skill level 6 in Armour
  6605 | D:7      | Reached XP level 10. HP: 56/63 MP: 13/13
  6637 | D:7      | 6637 ||| INVOKING Heroism.
  6674 | D:7      | 6674 ||| FLEEEEING.
  6675 | D:7      | 6675 ||| FLEEEEING.
  6676 | D:7      | 6676 ||| FLEEEEING.
  6677 | D:7      | 6677 ||| FLEEEEING.
  6678 | D:7      | 6678 ||| FLEEEEING.
  6679 | D:7      | 6679 ||| STAIRDANCE
  6746 | D:7      | Reached skill level 10 in Axes
  6897 | D:7      | Noticed a two-headed ogre
  6898 | D:7      | 6898 ||| Stepping ~*~*~tactically~*~*~ (stealth).
  6900 | D:7      | 6900 ||| Stepping ~*~*~tactically~*~*~ (hiding).
  6902 | D:7      | 6902 ||| INVOKING Heroism.
  6903 | D:7      | 6903 ||| Stepping ~*~*~tactically~*~*~ (hiding).
  6909 | D:7      | Killed a two-headed ogre
  6909 | D:7      | Reached *** piety under Okawaru
  6910 | D:7      | Reached skill level 3 in Throwing
  6994 | D:7      | 6994 ||| DROPPING +4 flail.
  7120 | D:7      | 7120 ||| Stepping ~*~*~tactically~*~*~ (stealth).
  7121 | D:7      | 7121 ||| Stepping ~*~*~tactically~*~*~ (stealth).
  7179 | D:7      | Found a glowing golden altar of the Shining One.
  7185 | D:7      | 7185 ||| READING scroll labelled FUEMURGH PESUR.
  7243 | D:8      | Found Tatavinu's One-of-a-Kind Rings.
  7243 | D:8      | Noticed Pikel
  7244 | D:8      | 7244 ||| Stepping ~*~*~tactically~*~*~ (hiding).
  7252 | D:8      | Killed Pikel
  7319 | D:8      | 7319 ||| Stepping ~*~*~tactically~*~*~ (hiding).
  7321 | D:8      | 7321 ||| Stepping ~*~*~tactically~*~*~ (hiding).
  7422 | D:8      | 7422 ||| INVOKING Heroism.
  7423 | D:8      | Noticed Joseph
  7431 | D:8      | Killed Joseph
  7521 | D:8      | 7521 ||| Stepping ~*~*~tactically~*~*~ (hiding).
  7523 | D:8      | 7523 ||| Stepping ~*~*~tactically~*~*~ (hiding).
  7525 | D:8      | 7525 ||| INVOKING Heroism.
  7529 | D:8      | 7529 ||| Stepping ~*~*~tactically~*~*~ (cloud).
  7545 | D:8      | 7545 ||| Stepping ~*~*~tactically~*~*~ (stealth).
  7546 | D:8      | 7546 ||| Stepping ~*~*~tactically~*~*~ (stealth).
  7551 | D:8      | Reached **** piety under Okawaru
  7817 | D:8      | 7817 ||| READING 4 scrolls of identify.
  7817 | D:8      | 7817 ||| IDENTIFYING fuming yellow potion
  7818 | D:8      | 7818 ||| READING 3 scrolls of identify.
  7818 | D:8      | 7818 ||| IDENTIFYING fuming sapphire potion
  7819 | D:8      | 7819 ||| DROPPING potion of ambrosia.
  7842 | D:9      | 7842 ||| INVOKING Heroism.
  7861 | D:9      | Found Nikadd's Armour Shop.
  7870 | D:9      | 7870 ||| BUYING +0 pair of boots (63 gold).
  7870 | D:9      | Bought a +0 pair of boots for 63 gold pieces
  7870 | D:9      | 7870 ||| SHOPLISTING +2 pair of gloves "Jirutip" {rCorr
                  | Str+4} (497 gold, have 221).
  7891 | D:9      | 7891 ||| INVOKING Heroism.
  7935 | D:9      | Reached XP level 11. HP: 68/68 MP: 14/14
  8027 | D:9      | 8027 ||| Stepping ~*~*~tactically~*~*~ (hiding).
  8030 | D:9      | 8030 ||| Stepping ~*~*~tactically~*~*~ (hiding).
  8031 | D:9      | 8031 ||| Stepping ~*~*~tactically~*~*~ (hiding).
  8071 | D:9      | 8071 ||| Stepping ~*~*~tactically~*~*~ (hiding).
  8085 | D:9      | Noticed a boulder beetle
  8086 | D:9      | 8086 ||| INVOKING Heroism.
  8091 | D:9      | Reached skill level 11 in Axes
  8093 | D:9      | HP: 17/68 [gnoll/+0 spear[a gnoll bouda] (5)]
  8094 | D:9      | 8094 ||| READING scroll of teleportation.
  8095 | D:9      | 8095 ||| DRINKING potion of heal wounds.
  8097 | D:9      | Found a staircase to the Orcish Mines.
  8101 | D:9      | HP: 17/68 [kobold/stone (1)]
  8104 | D:9      | HP: 8/68 [orc warrior/+0 dire flail (5)]
  8106 | D:9      | Mangled by an orc warrior

Levels and vault maps discovered:
D:1:      dpeg_arrival_rhombus, layout_basic, minmay_tromino_v4_a
D:2:      layout_loops_ring, basic_altar, serial_shops, nicolae_lakefront_shop,
          basic_ecumenical_altar
D:3:      layout_basic, gammafunk_ghost_nasty_kobolds
D:4:      wander_river, layout_loops_ring, serial_shops, nicolae_lakefront_shop,
          corner_web_ring, serial_park_tiny_1
D:5:      layout_rooms, nzn_wu_jian_contemplation,
          nicolae_overflow_hallway_of_the_gods,
          mainiacjoe_overflow_six_doors_small, minmay_temple_entry_mist,
          portal_sewer_entry_e, saegor_snake_ambush
D:6:      cheibrodos_barr_body, layout_rooms, kennysheep_mini
D:7:      layout_rooms, tso_altar
D:8:      layout_basic, nicolae_shop_unique_rings, uniq_joseph, uniq_pikel
D:9:      layout_long_grid, erik_orc_4, serial_shops, nicolae_shop_trees

Skill      XL: |  1  2  3  4  5  6  7  8  9 10 11 |
---------------+----------------------------------+-----
Axes           | 2 3 4 5 6 7 8 9 10 11 | 11.0
Fighting       | 4 5 6 7 8 |  8.3
Dodging        | 2 |  2.0
Throwing       | 1 3 |  3.8
Armour         | 4 6 |  6.2
Invocations    | 2 4 5 |  5.3
Shields        | 4 5 |  5.1

Action                   |  1- 3 |  4- 6 |  7- 9 | 10-12 || total
-------------------------+-------+-------+-------+-------++-------
Melee: War axe           |    97 |    64 |   189 |    98 ||   448
       Bite              |       |       |    17 |    14 ||    31
Throw: Boomerang         |       |    27 |    29 |     5 ||    61
       Javelin           |       |       |       |    22 ||    22
Invok: Heroism           |       |       |     7 |     7 ||    14
  Use: Scroll            |     5 |     3 |     7 |     4 ||    19
       Potion            |       |     1 |     5 |     1 ||     7
 Stab: Distracted        |       |       |     1 |     3 ||     4
Armor: Scale mail        |     5 |       |       |       ||     5
       Chain mail        |    44 |    33 |     8 |       ||    85
       Plate armour      |       |       |    89 |    37 ||   126
Dodge: Dodged            |    31 |    13 |    83 |    61 ||   188
Block: Buckler           |    11 |     6 |    38 |    23 ||    78

Table legend:
 A = Non-vault XP
 B = Vault XP
 C = Vault XP percentage of total XP
 D = Non-vault monster count
 E = Vault monster count
 F = Vault count percentage of total count
                 A         B        C        D         E       F
            +---------+---------+-------+---------+---------+-------
      Total |    7424 |    2389 |  24.3 |     168 |      39 |  18.8
            +---------+---------+-------+---------+---------+-------
        D:1 |      34 |       2 |   5.6 |      13 |       1 |   7.1
        D:2 |      31 |       0 |   0.0 |      17 |       0 |   0.0
        D:3 |     101 |       0 |   0.0 |      22 |       0 |   0.0
        D:4 |     354 |       0 |   0.0 |      23 |       0 |   0.0
        D:5 |    1631 |      50 |   3.0 |      25 |      11 |  30.6
        D:6 |     930 |    1031 |  52.6 |      17 |      12 |  41.4
        D:7 |    2267 |       0 |   0.0 |      20 |       0 |   0.0
        D:8 |    1052 |    1083 |  50.7 |      14 |       2 |  12.5
        D:9 |    1024 |     223 |  17.9 |      17 |      13 |  43.3
            +---------+---------+-------+---------+---------+-------
